Cogmind - Beta 15 @@@ ROGUE MODE // 2025.06.09 @ 06:52:50 Player: CheifClapdad Result: Destroyed by P-70 Sage with Tesla Rifle Performance ------------- Evolutions (6) 3000 Regions Visited (12) 2400 Robots Destroyed (83) 415 Value Destroyed (2821) 2821 Prototype IDs (37) 740 Alien Tech Used (0) 0 Bonus (1012) 1012 TOTAL SCORE: 10388 Bonus ------- Follower Combat Kills 212 Entered DSFs 500 Aligned with FarCom 300 Cogmind --------- Core Integrity 0/1150 Matter 73/300 Energy 76/100 System Corruption 37% Temperature Cool (0) Movement Core (50) Location -4/Factory Parts ------- > --- POWER (2) -------- (None) > --- PROPULSION (4) --- (None) > --- UTILITY (9) ------ Target Analyzer > --- WEAPON (4) ------- (None) > --- INVENTORY (5) ---- Compact Battery (200) Reaction Control System Mass Driver Hardcell Cannon Peak State ------------ > --- POWER ------------ Micro Fission Core Micro Fission Core > --- PROPULSION ------- Myomer Leg Myomer Leg Myomer Leg Myomer Leg > --- UTILITY ---------- Power Amplifier Medium Storage Unit Advanced Targeting Computer Target Analyzer Advanced Recoil Stabilizer Kinecellerator Improved Medium Armor Plating Reactive Plating Force Field > --- WEAPON ----------- Beam Rifle Hypervelocity Coil Gun Hypervelocity Coil Gun Hardcell Cannon > --- INVENTORY -------- Flexi-carbon Leg Myomer Leg Advanced Heat Sink Compact Battery Reaction Control System Heavy Machine Gun Mass Driver Hardcell Cannon Hardcell Cannon Advanced EMP Blaster [Rating: 100] Favorites ----------- Power Micro Fission Core Engine Light Ion Engine Power Core Micro Fission Core Propulsion Light Treads Treads Light Treads Leg Myomer Leg Wheel Wheel Utility Improved Medium Armor Plating Device Advanced Heat Sink Storage Lightpack 2.0 Processor Advanced Targeting Computer Protection Improved Medium Armor Plating Weapon Improved Light Cannon Energy Gun Beam Rifle Energy Cannon Latent Energy Streamer Ballistic Gun Coil Gun Ballistic Cannon Improved Light Cannon Launcher Advanced EMP Blaster Special Melee Weapon Datajack Build | -11 -10 -10 -10 -9 -8 -7 -6 -6 -6 -5 -5 -4 ------- Run | Yrd Mat Min Exi Min Mat Fac Fac Low Low Fac DSF Fac Slots Evolved 12 | . . . . . 4 2 2 . . 2 . 2 Power 1 | . . . . . . . . . . 1 . . Propulsion 2 | . . . . . 1 1 . . . . . . Utility 7 | . . . . . 2 1 1 . . 1 . 2 Weapon 2 | . . . . . 1 . 1 . . . . . Parts Attached 97 | 7 5 1 3 2 8 4 27 8 2 7 10 13 Power 9 | 1 . 1 . . 1 . 3 . . 2 . 1 Engine 5 | 1 . 1 . . 1 . 2 . . . . . Core 4 | . . . . . . . 1 . . 2 . 1 Reactor . | . . . . . . . . . . . . . Propulsion 25 | 2 2 . . . 2 3 6 . 1 1 7 1 Treads 8 | 1 2 . . . 1 3 1 . . . . . Leg 12 | . . . . . . . 3 . . 1 7 1 Wheel 5 | 1 . . . . 1 . 2 . 1 . . . Hover . | . . . . . . . . . . . . . Flight . | . . . . . . . . . . . . . Utility 33 | 2 2 . 1 . 2 1 8 5 1 3 . 8 Device 14 | 1 . . . . . . 4 2 . . . 7 Storage 6 | 1 1 . 1 . 1 . . . . 2 . . Processor 4 | . 1 . . . . . . 2 . . . 1 Hackware . | . . . . . . . . . . . . . Protection 9 | . . . . . 1 1 4 1 1 1 . . Artifact . | . . . . . . . . . . . . . Weapon 30 | 2 1 . 2 2 3 . 10 3 . 1 3 3 Energy Gun 5 | 2 1 . . . . . 2 . . . . . Energy Cannon 1 | . . . 1 . . . . . . . . . Ballistic Gun 12 | . . . . 1 1 . 4 2 . . 3 1 Ballistic Cannon 7 | . . . . 1 2 . 2 . . . . 2 Launcher 4 | . . . . . . . 2 1 . 1 . . Special Weapon . | . . . . . . . . . . . . . Impact Weapon . | . . . . . . . . . . . . . Slashing Weapon . | . . . . . . . . . . . . . Piercing Weapon . | . . . . . . . . . . . . . Special Melee Weapon 1 | . . . 1 . . . . . . . . . Unidentified Prototypes 3 | . . . . . . . 2 . . 1 . . Corrupted Parts 5 | . . . . . . . . 1 . . 2 2 System Corruption 33 | . . . . . . . . 2 . . 15 16 Parts Lost 67 | . 5 . . 2 4 . 25 4 . . 3 24 Power 8 | . 1 . . 1 1 . 2 1 . . . 2 Propulsion 20 | . 2 . . . 3 . 7 1 . . 1 6 Utility 19 | . 1 . . . . . 5 2 . . 1 10 Weapon 20 | . 1 . . 1 . . 11 . . . 1 6 Highest Loss Streak 14 | . 2 . . 2 2 . 11 4 . . 2 14 To Critical Strikes . | . . . . . . . . . . . . . Average Backups 13 | 3 9 14 13 12 18 27 25 5 5 5 9 8 Power . | . 1 1 1 1 . . . . . . . . Propulsion 1 | 1 1 1 1 1 1 2 1 1 1 1 1 1 Utility 7 | . 2 4 5 6 12 16 16 3 3 3 6 3 Weapon 3 | 1 2 7 5 3 3 8 6 . 1 1 2 3 Tool/Special . | . . . . . . . . . . . . . Unused Backups 27 | . 1 . 3 . 2 . 1 13 . 2 . 5 Power . | . . . . . . . . . . . . . Propulsion 2 | . . . . . . . . 1 . 1 . . Utility 17 | . 1 . . . 1 . 1 10 . 1 . 3 Weapon 8 | . . . 3 . 1 . . 2 . . . 2 Tool/Special . | . . . . . . . . . . . . . Average Slot Usage (%) 80 | . 92 100 100 91 60 75 61 76 83 95 96 82 Engine 3 | . 9 14 14 6 . . 1 . . . . . Core 2 | . . . . . . . . . . 7 11 8 Treads 12 | . 15 28 28 28 11 29 9 . . . . . Leg 5 | . . . . . . . 8 6 6 10 21 18 Wheel 3 | . 10 . . . 3 . 1 6 10 11 . . Device 6 | . 7 . . . . . 5 12 13 11 11 15 Storage 8 | . 14 14 14 14 9 7 6 . . 3 11 6 Processor 6 | . 6 14 14 14 . . . 11 13 8 5 7 Protection 6 | . . . . . 8 15 7 12 13 15 8 5 Energy Gun 7 | . 26 28 18 6 . . 1 6 6 5 5 4 Ballistic Gun 5 | . . . . 7 1 . 6 11 13 11 10 8 Ballistic Cannon 8 | . . . . 13 25 23 9 . . . . 2 Launcher 1 | . . . . . . . 1 6 6 5 5 1 Peak Build Rating 100 | 9 9 8 21 14 48 55 72 62 46 69 83 100 Average Rating 41 | 4 7 8 12 13 45 54 59 38 45 63 77 80 On Entrance 34 | . 9 7 8 13 13 48 55 59 41 46 69 83 Naked Turns . | . . . . . . . . . . . . . Heaviest Build 75 | 12 27 26 45 48 45 33 43 35 40 67 67 75 Greatest Support 100 | 20 40 40 40 40 60 80 80 10 26 26 100 100 Greatest Overweight (x) 4 | . 1 . 1 1 1 . 4 3 3 2 2 3 Average Overweight (x) . | . . . . 1 . . . 2 1 1 . . Largest Inventory Capacity 40 | 8 15 15 20 20 40 40 40 40 5 10 10 10 Average Capacity 21 | 7 14 15 15 20 39 40 40 5 5 6 10 9 Most Carried 31 | 6 15 14 15 15 31 30 30 22 5 10 10 10 Average Carried 14 | 3 9 14 14 14 18 28 25 5 5 5 9 8 Final Capacity 40 | 8 15 15 20 20 40 40 40 5 5 10 10 5 Final Carried 31 | 4 15 14 15 14 31 30 23 5 5 10 10 4 Class Distribution -------------------- 36% | Mutant 25% | Tank 15% | Hauler-Skirmisher 14% | Hauler-Tank 4% | Hauler-Mutant 3% | Gunner Dominant Class ---------------- Mutant | -10/Materials Mutant | -10/Mines Mutant | -10/Exiles Mutant | -9/Mines Hauler-Skirmisher | -8/Materials Hauler-Tank | -7/Factory Hauler-Tank | -6/Factory Tank | -6/Lower Caves Tank | -6/Lower Caves Tank | -5/Factory Tank | -5/DSF Tank | -4/Factory Resources | -11 -10 -10 -10 -9 -8 -7 -6 -6 -6 -5 -5 -4 ----------- Run | Yrd Mat Min Exi Min Mat Fac Fac Low Low Fac DSF Fac Matter Collected 2823 | 212 296 10 . 53 611 24 672 100 30 . 256 559 Remotely . | . . . . . . . . . . . . . Salvage Created 3420 | 12 619 30 . 19 449 . 746 . . . 958 587 Parts 160 | 1 39 2 . 3 19 . 40 . . . 40 16 Haulers Intercepted 2 | . 2 . . . . . . . . . . . Recyclers Shooed 2 | . . . . . . . 2 . . . . . Parts Field Recycled . | . . . . . . . . . . . . . Retrieved Matter . | . . . . . . . . . . . . . Parts Self-Destructed . | . . . . . . . . . . . . . Prevented . | . . . . . . . . . . . . . Kills | -11 -10 -10 -10 -9 -8 -7 -6 -6 -6 -5 -5 -4 ------- Run | Yrd Mat Min Exi Min Mat Fac Fac Low Low Fac DSF Fac Combat Hostiles Destroyed 66 | . 13 2 . 2 11 . 16 . . . 11 11 Melee 1 | . . . . . . . . . . . . 1 Guns 40 | . 12 1 . . 1 . 10 . . . 9 7 Cannons 21 | . . . . 2 10 . 6 . . . . 3 AOE 3 | . . 1 . . . . . . . . 2 . Classes Destroyed 14 | 1 6 . . . 2 . 3 . . . 2 . Worker 8 | . 3 . . . . . 4 . . . . 1 Builder 3 | . 1 . . . . . 2 . . . . . Tunneler 1 | 1 . . . . . . . . . . . . Hauler 2 | . 2 . . . . . . . . . . . Recycler 2 | . . . . . 2 . . . . . . . Operator 1 | . 1 . . . . . . . . . . . Swarmer 22 | . 5 2 . 2 . . 3 . . . 5 5 Grunt 28 | . 8 . . . 9 . 7 . . . 2 2 Duelist 2 | . . . . . . . 1 . . . . 1 Sentry 5 | . . . . . 2 . 1 . . . . 2 Specialist 3 | . . . . . . . . . . . 3 . Hunter 2 | . . . . . . . 2 . . . . . Programmer 3 | . . . . . . . 2 . . . . 1 Heavy 1 | . . . . . . . . . . . 1 . Best Kill Streak 6 | 1 3 2 . 1 2 . 6 . . . 5 4 Combat Bots Only 5 | . 3 2 . 1 2 . 5 . . . 5 4 Max Kills in Single Turn 3 | 1 2 1 . 1 2 . 2 . . . 3 2 Gunslinging 1 | . . . . . . . . . . . . 1 Exploded 2 | . . 1 . . . . . . . . 2 . Melee 1 | . . . . . . . . . . . . 1 Uniques/NPCs Destroyed . | . . . . . . . . . . . . . Combat | -11 -10 -10 -10 -9 -8 -7 -6 -6 -6 -5 -5 -4 -------- Run | Yrd Mat Min Exi Min Mat Fac Fac Low Low Fac DSF Fac Hostile Shots Fired 870 | . 61 22 . 28 80 . 320 29 . . 56 274 Missed 231 | . 11 5 . 7 29 . 78 12 . . 17 72 Hits 639 | . 50 17 . 21 51 . 242 17 . . 39 202 Melee 5 | . . . . . . . 1 2 . . . 2 Projectile 634 | . 50 17 . 21 51 . 241 15 . . 39 200 AOE 4 | . . . . . . . . . . . . 4 Critical Strikes 26 | . . . . . 1 . 7 1 . . . 17 Part Disruptions 3 | . . . . . . . . . . . . 3 Damage Taken 10372 | . 499 136 . 187 806 . 3762 178 3 60 1008 3733 Core 2313 | . 90 14 . 33 93 . 501 65 . . 365 1152 Absorbed by Shields 548 | . . . . . . . . 4 . . 166 378 Ignored by Resistances 304 | . . . . . . . . . . . 172 132 Core Remaining (%) 70 | 100 . . . 45 83 100 . . 33 . 63 . Volleys Fired 281 | 3 62 7 . 8 45 . 89 4 . . 18 45 Largest 4 | 2 2 2 . 2 3 . 4 3 . . 4 4 Hottest 181 | 90 90 80 . 53 103 . 158 112 . . 156 181 Shots Fired 635 | 6 103 11 . 11 135 . 196 13 . . 60 100 Gun 414 | 6 103 11 . 3 23 . 130 8 . . 54 76 Cannon 208 | . . . . 8 112 . 66 . . . . 22 Launcher 13 | . . . . . . . . 5 . . 6 2 Special . | . . . . . . . . . . . . . Kinetic 432 | . . . . 11 135 . 177 4 . . 36 69 Thermal 173 | 6 93 4 . . . . 19 4 . . 18 29 Explosive . | . . . . . . . . . . . . . Electromagnetic 30 | . 10 7 . . . . . 5 . . 6 2 Robot Hit Streak 20 | 1 12 3 . 3 6 . 20 5 . . 8 7 Robot Miss Streak 13 | 1 6 5 . 3 5 . 13 2 . . 2 4 Penetration Max 1 | . . . . . . . . . . . 1 1 Secondary Targets 4 | . . . . . . . 2 . . . 1 1 Max Gunslinging Chain 1 | . . . . . . . 1 . . . 1 1 Shots Hit Robots 379 | 3 68 4 3 6 76 . 116 6 . . 38 59 Core Hits 214 | 1 30 2 . 2 35 . 83 2 . . 28 31 Critical Kills 3 | . . . . . . . 1 . . . . 2 Critical Parts Destroyed 5 | . . . . . . . . . . . . 5 Critical Strikes 21 | 1 3 . . . 1 . 1 . . . . 15 Burn 10 | 1 3 . . . . . . . . . . 6 Destroy 9 | . . . . . . . 1 . . . . 8 Blast 2 | . . . . . 1 . . . . . . 1 Melee Attacks 9 | . . . 8 1 . . . . . . . . Impact . | . . . . . . . . . . . . . Slashing . | . . . . . . . . . . . . . Piercing . | . . . . . . . . . . . . . Sneak Attacks 4 | . . . 3 1 . . . . . . . . Combat Hostiles . | . . . . . . . . . . . . . Follow-up Attacks . | . . . . . . . . . . . . . Damage Inflicted 7403 | 39 850 102 . 93 1379 . 2092 161 7 . 1302 1378 Guns 3631 | 39 810 46 . 16 163 . 1109 54 . . 706 688 Cannons 2839 | . . . . 77 1216 . 974 . . . . 572 Explosions 888 | . 40 56 . . . . . 107 . . 596 89 Melee . | . . . . . . . . . . . . . Ramming 45 | . . . . . . . 9 . 7 . . 29 Kinetic 4831 | . . . . 93 1379 . 1888 23 . . 578 870 Thermal 1645 | 39 754 68 . . . . 195 31 . . 168 390 Explosive . | . . . . . . . . . . . . . Electromagnetic 882 | . 96 34 . . . . . 107 . . 556 89 Impact . | . . . . . . . . . . . . . Slashing . | . . . . . . . . . . . . . Piercing . | . . . . . . . . . . . . . Highest Corruption 36 | . . . . . . . 2 5 5 . 16 36 Average Corruption 7 | . . . . . . . 1 4 5 . 8 18 Corruption Purged . | . . . . . . . . . . . . . Corruption Blocked . | . . . . . . . . . . . . . Effects 58 | . . . . . . . 5 20 1 . 7 25 Message Errors 8 | . . . . . . . 1 3 . . 1 3 Matter Fused 10 | . . . . . . . . 1 1 . 2 6 Heat Flow Errors 13 | . . . . . . . 2 6 . . 1 4 Energy Discharges 5 | . . . . . . . 1 3 . . . 1 Parts Rejected 1 | . . . . . . . . . . . . 1 Data Loss (minor) 6 | . . . . . . . . 4 . . . 2 Data Loss (major) 1 | . . . . . . . . 1 . . . . Misfires 2 | . . . . . . . . 1 . . . 1 Alerts 2 | . . . . . . . . 1 . . 1 . Misdirections 8 | . . . . . . . . . . . 2 6 Weapon Failures 2 | . . . . . . . 1 . . . . 1 Overload Shots . | . . . . . . . . . . . . . Overflow Damage 72 | . . . . . 13 . . 5 3 . 9 42 Projectiles 50 | . . . . . 13 . . . . . . 37 Explosions 19 | . . . . . . . . 5 . . 9 5 Melee 3 | . . . . . . . . . 3 . . . Knockbacks 51 | . . . . 1 16 . 28 . . . . 6 Impact 1 | . . . . . . . . . . . . 1 Kinetic 49 | . . . . 1 15 . 28 . . . . 5 Secondary 1 | . . . . . 1 . . . . . . . Self-Inflicted Damage 139 | . . . . . . . 2 55 3 . 23 56 Shots 6 | . . . . . . . . 3 . . 1 2 Rammed 4 | . . . . . . . 1 . 1 . . 2 Targets Rammed 15 | . . . . . . . 4 . 1 . . 10 Kicked 11 | . . . . . . . 3 . . . . 8 Crushed . | . . . . . . . . . . . . . Highest Temperature 739 | 90 286 72 . 2 264 . 293 267 . . 739 580 Average Temperature 114 | 46 72 42 . 1 66 . 79 88 . . 192 180 Received Heat Transfer 2260 | . 201 . . 9 477 . 1062 12 . . 70 429 Effects 38 | . . . . . . . 3 . . . 13 22 Shutdowns 10 | . . . . . . . . . . . 5 5 Energy Bleed 3 | . . . . . . . . . . . 2 1 Interference 7 | . . . . . . . 3 . . . 1 3 Matter Decay 3 | . . . . . . . . . . . 2 1 Short Circuit 1 | . . . . . . . . . . . . 1 Damage (minor) 6 | . . . . . . . . . . . 1 5 Damage (major) 6 | . . . . . . . . . . . . 6 Damage (core) 2 | . . . . . . . . . . . 2 . Siege Activations . | . . . . . . . . . . . . . Martial Activations . | . . . . . . . . . . . . . Shielding Activations . | . . . . . . . . . . . . . Robots Disrupted . | . . . . . . . . . . . . . Combat Hostiles . | . . . . . . . . . . . . . Robots Corrupted 3 | . . . . . . . . . . . 3 . Combat Hostiles . | . . . . . . . . . . . . . Parts Fried 7 | . . . . . . . . . . . 6 1 Impact Corruptions 1 | . . . . . . . . . 1 . . . Robots Melted 1 | . 1 . . . . . . . . . . . Combat Hostiles 1 | . 1 . . . . . . . . . . . Parts Melted 10 | 1 4 . . . . . . . . . . 5 Heat Transferred 4753 | 185 2110 75 . . . . 507 74 . . 433 1369 Parts Sabotaged . | . . . . . . . . . . . . . Parts Stolen 2 | . . . . . . . . 2 . . . . Parts Stripped . | . . . . . . . . . . . . . Power Chain Reactions 3 | . 1 1 . . . . . . . . 1 . Alert | -11 -10 -10 -10 -9 -8 -7 -6 -6 -6 -5 -5 -4 ------- Run | Yrd Mat Min Exi Min Mat Fac Fac Low Low Fac DSF Fac Maximum Alert Level 1 | . . . . . . . . . . . 1 . Low Security (%) 98 | 100 100 100 . 100 100 100 100 . . 100 60 100 Level 1 1 | . . . . . . . . . . . 39 . Level 2 . | . . . . . . . . . . . . . Level 3 . | . . . . . . . . . . . . . Level 4 . | . . . . . . . . . . . . . Level 5 . | . . . . . . . . . . . . . High Security . | . . . . . . . . . . . . . Max Security . | . . . . . . . . . . . . . Sterilizations 1 | . . . . . . . . . . . 1 . Peak Influence 260 | 5 93 63 . 113 152 11 113 . . 5 260 136 Initial 136 | . . 19 . . 25 11 . . . . 3 136 Average 31 | . 31 40 . 22 54 . 18 . . . 144 30 Influence Increases 2288 | 5 395 44 . 212 461 . 483 15 . 5 287 381 Destroy 0b10 Robot/C 1520 | . 260 40 . 140 300 . 340 . . . 220 220 Destroy 0b10 Robot/NC 110 | 5 35 . . 5 10 . 30 . . . 20 5 Destroy Leader 294 | . 64 . . 20 50 . 80 . . . 30 50 Allied During Kill 52 | . . . . 32 18 . 2 . . . . . Successful Hack 36 | . 18 . . . 13 . . . . 5 . . Disable Machine 60 | . . . . 15 15 . 15 . . . . 15 Destroy Structure 36 | . 3 4 . . 10 . 1 . . . 2 16 Lose Combat Pursuer 180 | . 15 . . . 45 . 15 15 . . 15 75 Influence Decreases 2273 | 5 343 73 23 147 500 26 468 30 . . 32 626 Entered New Map 243 | . . 33 23 . 40 15 . 6 . . 2 124 Time Decay 1531 | 5 303 40 . 147 391 11 245 24 . . . 365 Lost Part 440 | . 40 . . . 40 . 203 . . . 30 127 Lost Ally 59 | . . . . . 29 . 20 . . . . 10 Squads Dispatched 17 | . 3 . . . 3 1 4 . . . 2 4 Investigation 2 | . 1 . . . . . 1 . . . . . Extermination 4 | . . . . . . . 2 . . . . 2 Reinforcement 10 | . 2 . . . 3 1 . . . . 2 2 Assault . | . . . . . . . . . . . . . Garrison 1 | . . . . . . . 1 . . . . . Intercept . | . . . . . . . . . . . . . Searches Triggered . | . . . . . . . . . . . . . Construction Impeded 1 | . . . . . . . . . . . . 1 Haulers Reinforced . | . . . . . . . . . . . . . Active Scanning Responses . | . . . . . . . . . . . . . Cargo Convoy Interrupts . | . . . . . . . . . . . . . Stealth | -11 -10 -10 -10 -9 -8 -7 -6 -6 -6 -5 -5 -4 --------- Run | Yrd Mat Min Exi Min Mat Fac Fac Low Low Fac DSF Fac Distress Signals 12 | . 1 . . . 6 . 2 . . . . 3 Communications Jammed . | . . . . . . . . . . . . . Distress Signals . | . . . . . . . . . . . . . Times Spotted 133 | . 23 3 . 7 25 3 25 3 . . 11 33 Peak Tracking Total 7 | . 4 3 . 3 5 1 7 2 . . 5 6 Tactical Retreats 10 | . 1 . . . 2 . 1 1 . . 1 4 Traps | -11 -10 -10 -10 -9 -8 -7 -6 -6 -6 -5 -5 -4 ------- Run | Yrd Mat Min Exi Min Mat Fac Fac Low Low Fac DSF Fac Traps Triggered 11 | . . . . . . . 1 . . 1 5 4 Indirectly 3 | . . . . . . . . . . . 3 . Trap Hack Attempts 30 | . . . . . . . 30 . . . . . Triggered . | . . . . . . . . . . . . . Disarmed . | . . . . . . . . . . . . . Reprogrammed 1 | . . . . . . . 1 . . . . . Reused . | . . . . . . . . . . . . . Traps Extracted . | . . . . . . . . . . . . . Installed . | . . . . . . . . . . . . . Triggered . | . . . . . . . . . . . . . Machines | -11 -10 -10 -10 -9 -8 -7 -6 -6 -6 -5 -5 -4 ---------- Run | Yrd Mat Min Exi Min Mat Fac Fac Low Low Fac DSF Fac Machines Disabled 4 | . . . . 1 1 . 1 . . . . 1 Max in Single Turn 1 | . . . . 1 1 . 1 . . . . 1 Machines Repaired . | . . . . . . . . . . . . . Machines Dismantled . | . . . . . . . . . . . . . Machines Sabotaged . | . . . . . . . . . . . . . Overloaded Fab Kills . | . . . . . . . . . . . . . Hacking | -11 -10 -10 -10 -9 -8 -7 -6 -6 -6 -5 -5 -4 --------- Run | Yrd Mat Min Exi Min Mat Fac Fac Low Low Fac DSF Fac Machines Accessed 9 | . 3 . 1 . 1 . 2 1 . 1 . . Terminals 7 | . 3 . . . 1 . 2 . . 1 . . Fabricators . | . . . . . . . . . . . . . Repair Stations . | . . . . . . . . . . . . . Recycling Units . | . . . . . . . . . . . . . Scanalyzers . | . . . . . . . . . . . . . Garrison Access . | . . . . . . . . . . . . . Total Hacks 24 | . 10 . 1 . 3 . 8 1 . 1 . . Successful 9 | . 4 . 1 . 2 . . 1 . 1 . . Failed 15 | . 6 . . . 1 . 8 . . . . . Catastrophic 3 | . 2 . . . . . 1 . . . . . Database Lockouts . | . . . . . . . . . . . . . Manual 15 | . 10 . 1 . 3 . 1 . . . . . Terminals 22 | . 10 . . . 3 . 8 . . 1 . . Fabricators . | . . . . . . . . . . . . . Repair Stations . | . . . . . . . . . . . . . Recycling Units . | . . . . . . . . . . . . . Scanalyzers . | . . . . . . . . . . . . . Garrison Access . | . . . . . . . . . . . . . Terminal Hacks 5 | . 1 . 1 . 1 . . 1 . 1 . . Open Door 1 | . . . . . . . . 1 . . . . Open DSF 1 | . . . . . . . . . . 1 . . Branch Access Points 2 | . 1 . . . 1 . . . . . . . Proto ID Catalog 1 | . . . 1 . . . . . . . . . Fabricator Hacks . | . . . . . . . . . . . . . Repair Station Hacks . | . . . . . . . . . . . . . Recycling Unit Hacks . | . . . . . . . . . . . . . Scanalyzer . | . . . . . . . . . . . . . Garrison Access Hacks . | . . . . . . . . . . . . . Unauthorized Hacks 4 | . 3 . . . 1 . . . . . . . Terminals 4 | . 3 . . . 1 . . . . . . . Botnet 4 | . 3 . . . 1 . . . . . . . Fabricators . | . . . . . . . . . . . . . Repair Stations . | . . . . . . . . . . . . . Recycling Units . | . . . . . . . . . . . . . Scanalyzers . | . . . . . . . . . . . . . Garrison Access . | . . . . . . . . . . . . . Data Cores Recovered 1 | . . . . . . 1 . . . . . . Used . | . . . . . . . . . . . . . Hacking Detections 7 | . 3 . . . 1 . 2 . . 1 . . Full Trace Events 3 | . 1 . . . 1 . 1 . . . . . Feedback Events . | . . . . . . . . . . . . . Feedback Blocked . | . . . . . . . . . . . . . Robot Schematics Acquired . | . . . . . . . . . . . . . Robots Built . | . . . . . . . . . . . . . Authchips . | . . . . . . . . . . . . . Time . | . . . . . . . . . . . . . Total Robot Build Rating . | . . . . . . . . . . . . . Part Schematics Acquired . | . . . . . . . . . . . . . Parts Built . | . . . . . . . . . . . . . Authchips . | . . . . . . . . . . . . . Time . | . . . . . . . . . . . . . Total Part Build Rating . | . . . . . . . . . . . . . Parts Repaired . | . . . . . . . . . . . . . Time . | . . . . . . . . . . . . . Parts Recycled . | . . . . . . . . . . . . . Recycled Matter . | . . . . . . . . . . . . . Retrieved Matter . | . . . . . . . . . . . . . Retrieved Components . | . . . . . . . . . . . . . Parts Scanalyzed . | . . . . . . . . . . . . . Part Schematics Acquired . | . . . . . . . . . . . . . Parts Damaged . | . . . . . . . . . . . . . Bothacking | -11 -10 -10 -10 -9 -8 -7 -6 -6 -6 -5 -5 -4 ------------ Run | Yrd Mat Min Exi Min Mat Fac Fac Low Low Fac DSF Fac Used RIF Installer . | . . . . . . . . . . . . . Robots Hacked 3 | . . . 2 1 . . . . . . . . Non-combat 2 | . . . 1 1 . . . . . . . . Combat 1 | . . . 1 . . . . . . . . . Robot Hacks Applied 3 | . . . 2 1 . . . . . . . . parse_system 2 | . . . 2 . . . . . . . . . no_distress 1 | . . . . 1 . . . . . . . . Relay Couplers Released 3 | . . . . . . 3 . . . . . . Programmers 3 | . . . . . . 3 . . . . . . Fabnet Peak Effective % . | . . . . . . . . . . . . . Robots Rewired 1 | . . . . . . 1 . . . . . . Allies Hacked . | . . . . . . . . . . . . . Hacks Repelled . | . . . . . . . . . . . . . Allies | -11 -10 -10 -10 -9 -8 -7 -6 -6 -6 -5 -5 -4 -------- Run | Yrd Mat Min Exi Min Mat Fac Fac Low Low Fac DSF Fac Total Allies 6 | . . . . 5 . 1 . . . . . . Largest Group 5 | . . . . 5 4 1 1 . . . . . Highest-Rated Group 83 | . . . . 83 75 16 16 . . . . . Highest-Rated Ally 31 | . . . . 31 31 16 16 . . . . . Initial Warlord ECA Mod 9 | . . . . . . . . . . . . 9 Total Orders . | . . . . . . . . . . . . . Ally Attacks 44 | . . . . 14 24 . 6 . . . . . Total Damage 624 | . . . . 182 378 . 64 . . . . . Kills 13 | . . . . 6 6 . 1 . . . . . Allies Corrupted . | . . . . . . . . . . . . . Allies Melted . | . . . . . . . . . . . . . Intel | -11 -10 -10 -10 -9 -8 -7 -6 -6 -6 -5 -5 -4 ------- Run | Yrd Mat Min Exi Min Mat Fac Fac Low Low Fac DSF Fac Active Infowar (turns) 601 | 12 562 . . . . . 27 . . . . . Sensors 27 | . . . . . . . 27 . . . . . Terrain 574 | 12 562 . . . . . . . . . . . Robot Analysis Total . | . . . . . . . . . . . . . Derelict Logs Recovered 2 | . . . . 1 . . . 1 . . . . Drone Launches 2 | . . . . . . . . . . . . 2 Drone Recoveries 1 | . . . . . . . . . . . . 1 Exploration | -11 -10 -10 -10 -9 -8 -7 -6 -6 -6 -5 -5 -4 ------------- Run | Yrd Mat Min Exi Min Mat Fac Fac Low Low Fac DSF Fac Turns Passed 9544 | 127 1044 80 892 1178 1446 442 1313 849 44 593 266 1270 Spaces Moved 5390 | 103 690 39 525 460 566 272 613 678 38 429 149 828 Core 183 | 3 . . . . . . 53 . . . . 127 Treads 2214 | 1 114 39 525 460 566 272 237 . . . . . Legs 1208 | . . . . . . . 296 . . 67 144 701 Wheels 1785 | 99 576 . . . . . 27 678 38 362 5 . Hover . | . . . . . . . . . . . . . Flight . | . . . . . . . . . . . . . Fastest Speed 50 | 50 100 160 160 240 160 160 95 95 105 105 120 50 Average Speed 151 | 99 120 160 166 240 223 160 152 121 109 133 124 110 Slowest Speed 250 | 160 160 160 240 240 240 160 250 125 125 220 183 200 Overloaded Moves . | . . . . . . . . . . . . . Propulsion Burnouts . | . . . . . . . . . . . . . Robots Hopped . | . . . . . . . . . . . . . Potential Cave-ins . | . . . . . . . . . . . . . Cave-ins Triggered . | . . . . . . . . . . . . . Exploration Rate (%) 37 | 4 75 8 66 88 44 8 11 62 7 8 91 13 Regions Visited 12 Branch Regions 5 Pre-discovered Areas . | . . . . . . . . . . . . . Known Exits Taken 5 | . 1 1 1 1 . . . . . 1 . . Unknown Exits Taken 6 | 1 . . . . 1 1 1 1 1 . . . Scrap Searched 4 | . . . . 1 . . . 2 1 . . . Spaces Dug . | . . . . . . . . . . . . . Terrain Destroyed 25 | . 3 4 . . 8 . . . . . 3 7 Melee . | . . . . . . . . . . . . . Projectile 17 | . . . . . 8 . . . . . 2 7 AOE 8 | . 3 4 . . . . . . . . 1 . Terrain Rammed . | . . . . . . . . . . . . . Walls Destroyed . | . . . . . . . . . . . . . Machines Disabled . | . . . . . . . . . . . . . Actions | -11 -10 -10 -10 -9 -8 -7 -6 -6 -6 -5 -5 -4 --------- Run | Yrd Mat Min Exi Min Mat Fac Fac Low Low Fac DSF Fac Total 6268 | 119 804 46 542 524 647 279 825 695 41 447 192 1107 Wait 285 | . 31 . . 53 2 . 37 1 . . . 161 Move 5379 | 102 689 38 524 459 565 271 612 677 38 428 148 828 Hop . | . . . . . . . . . . . . . Pick Up 84 | 7 15 . 2 . 25 3 15 1 . 8 1 7 Fast Attach 37 | 4 1 . 1 . 1 . 9 7 1 5 3 5 Attach 52 | 3 3 1 . 1 5 4 19 1 . 1 1 13 Detach 2 | . . . . . 1 . . . . . . 1 Swap 18 | . 1 . 2 1 2 . 2 1 1 1 6 1 Drop 32 | . 2 . 5 . 1 . 3 3 1 4 8 5 Fire 281 | 3 62 7 . 8 45 . 89 4 . . 18 45 Melee 9 | . . . 8 1 . . . . . . . . Ram 3 | . . . . . . . 1 . . . . 2 Kick 11 | . . . . . . . 3 . . . . 8 Crush . | . . . . . . . . . . . . . Escape Stasis 36 | . . . . . . . 5 . . . 7 24 Rewire 9 | . . . . 1 . 1 . . . . . 7 Trap 30 | . . . . . . . 30 . . . . . Miscellaneous . | . . . . . . . . . . . . . Route ------- -11/Scrapyard -10/Materials (discovered 4 exits: [*Mat] / *Min x2 / [*Sub]) -10/Mines -10/Exiles -9/Mines -8/Materials (discovered 3 exits: [*Fac] / Sto x2) -7/Factory (discovered 2 exits: *Fac / [*Low]) -6/Factory -6/Lower Caves -6/Lower Caves -5/Factory (discovered 3 exits: Fac / [*Ext] / DSF) -5/DSF -4/Factory History --------- Turn | Location | Event 11 | -11/Scrapyard | Discovered new exit (range 16) 128 | -11/Scrapyard | Entered Materials 273 | -10/Materials | Identified exit to Mines 300 | -10/Materials | Build established: Mutant 317 | -10/Materials | Discovered new exit (range 9) 404 | -10/Materials | Discovered new exit (range 16) 1128 | -10/Materials | Derelicts attacked the area 1172 | -10/Materials | Entered Mines 1241 | -10/Mines | Deemed a non-threat by the Exiles lab entrance 1243 | -10/Mines | Discovered new exit (range 5) 1249 | -10/Mines | Identified exit to Exiles 1252 | -10/Mines | Entered Exiles 1312 | -10/Exiles | Met 8R-AWN 1345 | -10/Exiles | Met EX-HEX 1411 | -10/Exiles | Met EX-BIN 1441 | -10/Exiles | Aligned with FarCom system 1443 | -10/Exiles | Given EX-Vault access code 1491 | -10/Exiles | Opened EX-Vault 1506 | -10/Exiles | Found Lightpack 2.0 1522 | -10/Exiles | Found Cloak of Protection 1533 | -10/Exiles | Found Latent Energy Streamer 1568 | -10/Exiles | Warned to stay clear of 0b10 Research branches 1870 | -10/Exiles | Met EX-DEC 2097 | -10/Exiles | Discovered new exit (range 14) 2142 | -10/Exiles | Identified exit to Mines 2144 | -10/Exiles | Stole three prototypes: Lightpack 2.0, Cloak of Protection, Latent Energy Streamer 2144 | -10/Exiles | Entered Mines 2655 | -9/Mines | Core integrity fell below 50% 2761 | -9/Mines | Assisted by bots powering up and referring to "LRC-V3" 3298 | -9/Mines | Discovered new exit (range 6) 3308 | -9/Mines | Identified exit to Materials 3322 | -9/Mines | Entered Materials 3322 | -8/Materials | Accompanied by 4 allies 3322 | -8/Materials | Evolved 4 slots: Propulsion x1, Utility x2, Weapon x1 3327 | -8/Materials | Led the pair of lost Derelicts to an unsafe place 3377 | -8/Materials | Identified exit to Storage 3486 | -8/Materials | Lost 3 allies 3640 | -8/Materials | Build established: Hauler-Skirmisher 3910 | -8/Materials | Met 7R-MNS 4739 | -8/Materials | Discovered new exit (range 9) 4768 | -8/Materials | Entered Factory 4768 | -7/Factory | Evolved 2 slots: Propulsion x1, Utility x1 4769 | -7/Factory | Caught up to 7R-MNS 4770 | -7/Factory | FarCom data flow suspended 5077 | -7/Factory | Build established: Hauler-Tank 5186 | -7/Factory | Discovered new exit (range 15) 5208 | -7/Factory | Discovered new exit (range 16) 5210 | -7/Factory | Entered another Factory area 5210 | -6/Factory | Accompanied by 1 ally 5210 | -6/Factory | Evolved 2 slots: Utility x1, Weapon x1 5748 | -6/Factory | Lost 11 parts (4n3u4w) 6326 | -6/Factory | Lost 4 parts (1n1u2w) 6347 | -6/Factory | Core integrity fell below 50% 6367 | -6/Factory | Lost 5 parts (1p1n3w) 6495 | -6/Factory | Garrison activated, responded to threat 6510 | -6/Factory | Discovered new exit (range 10) 6523 | -6/Factory | Entered Lower Caves 6523 | -6/Lower Caves | Spotted XH-QLK(f) 6523 | -6/Lower Caves | Spotted YS-3FR(f) 6524 | -6/Lower Caves | Cloak of Protection stolen by Master Thief 6525 | -6/Lower Caves | Encountered a Master Thief 6525 | -6/Lower Caves | Encountered a Master Thief 6526 | -6/Lower Caves | Lightpack 2.0 stolen by Master Thief 6566 | -6/Lower Caves | Spotted B-75 Beast 6602 | -6/Lower Caves | Lost 4 parts (1p1n2u) 6917 | -6/Lower Caves | Build established: Tank 7245 | -6/Lower Caves | Discovered new exit (range 14) 7268 | -6/Lower Caves | Learned location of 1 exit from Factory 7372 | -6/Lower Caves | Entered another Lower Caves area 7397 | -6/Lower Caves | Discovered new exit (range 14) 7416 | -6/Lower Caves | Entered Factory 7416 | -5/Factory | Evolved 2 slots: Power x1, Utility x1 7417 | -5/Factory | Identified exit to Factory 7933 | -5/Factory | Discovered new exit (range 7) 8008 | -5/Factory | Identified exit to DSF 8009 | -5/Factory | Entered DSF 8049 | -5/DSF | Additional patrols routed to DSF 8179 | -5/DSF | Sterilization system engaged 8199 | -5/DSF | Ambient heat levels rising (+10) 8214 | -5/DSF | Ambient heat levels rising (+10) 8220 | -5/DSF | System corruption reached 10% 8229 | -5/DSF | Ambient heat levels rising (+10) 8244 | -5/DSF | Ambient heat levels rising (+10) 8249 | -5/DSF | Discovered exit to Factory (range 15) 8259 | -5/DSF | Ambient heat levels rising (+10) 8274 | -5/DSF | Ambient heat levels rising (+10) 8275 | -5/DSF | Entered Factory 8275 | -4/Factory | Evolved 2 slots: Utility x2 9147 | -4/Factory | System corruption reached 10% 9419 | -4/Factory | Lost 14 parts (1p4n6u3w) 9450 | -4/Factory | System corruption reached 30% 9457 | -4/Factory | Core integrity fell below 50% 9481 | -4/Factory | Lost 7 parts (1p2n1u3w) 9508 | -4/Factory | Core integrity fell below 20% 9545 | -4/Factory | Destroyed by P-70 Sage with Tesla Rifle Last Messages --------------- 09522_ Triggered Stasis Trap. 09522_ A bubble of rippling energy engulfs the area. 09522_ Field strength at 94. 09523_ Field strength at 88. 09524_ Field strength at 82. 09525_ Field strength at 76. 09526_ Field strength at 70. 09527_ B=%RAOYUGCRAXFXR0I 09527_ Field strength at 64. 09528_ Field strength at 52. 09529_ Field strength at 41. 09530_ Field strength at 35. 09531_ Field strength at 29. 09532_ Field strength at 12. 09533_ Field strength at 6. 09534_ Stasis field depleted. 09540_ K-01 Serf cleans the Subcomponent Replicator. 09543_ System corrupted: Energy discharge (-28). Map ----- +----------------------------------------------------+ | ???????????????# # """#??????????????????? | | ##############?# # """#??????????????????? | | ## #?# # """#??????????????????? | | = ## """"" #?# # #??????????????????? | | ## """"" #?# ###############?????????????? | | ## """ #?# # """ #?????????????? | | ##! #?# # "Y" #?????????????? | | ## !#?# # " " #?????????????? | | ! ## #?# # #?????????????? | | ?# *! #?# # #?????????????? | | ???# ### # #?????????????? | | ##### ###### # # ###+### ###############?????? | | # ! #?????? | | # #?????? | | # #?????? | | ! # #?????? | | ! # = #?????? | | # #?????? | | ###+######"########### | | " """ | | Y """ | | " """ "" "" "" "" "" | | = "" "" "" "" "" | | ! """ """ """ """ "" | | ######+## ## ## ############# """ """ """ """ "" | | ## # @ # """]""" """ """ "" | | ## # " " " " " # | | ## """ # " " " " " /u | | %/ ! """ # " " " " " # | | ##! """ + " " " " " # | | ?## ! ! # " " " " " # p # | | ??##* """ # " " " " " ######## ######## | | ???#! """ # " " " " " #??????# #??????# | | ???# """ # " " " " " #??????# #??????# | | ???+ # " " " " " #??????# #??????# | | ???# # #??????# #??????# | | ???# # #??????# #??????# | | ???###########################??????# #??????# | | ????????????????????????????????????# #??????# | | ????????????????????????????????????# ######## | | ????????????????????????????????????# | | ????????????????????????????????????# | | ????????????????????????????????????# | | ????????????????????????????????????# | | ????????????????????????????????????# | | ????????????????????????????????????#########+#### | | ?????????????????????????????????????????# | | ?????????????????????????????????????????# """"" | | ?????????????????????????????????????????# """"" | | ?????????????????????????????????????????# """ | +----------------------------------------------------+ Best States ------------- Heat Dissipation 62 Energy Generation 29 Energy Capacity 400 Matter Stores 300 Matter Capacity 300 Sight Range 16 Robot Scan Range 16 Terrain Scan Range 16 Terrain Scan Density 10 Power Amplification 20 Armor Coverage 600 Resistance: KI 20 Resistance: TH 20 Evasion (%) 70 Targeting Accuracy 16 Target Analysis 5 Recoil Reduction 6 Kinecelleration 30 Item Schematics ----------------- None Robot Schematics ------------------ None Fabricated ------------ Nothing Repaired ---------- Nothing Alien Tech Used ----------------- None Achievements -------------- Fist Fight Challenges ------------ None Game ------ Seed MagneticDisruptionDirector Manual? 0 Play Time 01:42:10 Cumulative 66.4 hours Start 2025.06.07 @ 21:31:37 End 2025.06.09 @ 06:52:50 Sessions 1 Manual Loads 0 Difficulty Rogue Special Mode None Game No. 86 Rogue 86 Adventurer 0 Explorer 0 Win Type - Total 1 Types 1/0/0/0/0/0/0/0/0/0 Lore% 30 Gallery% 43 Achievement% 38 Wizard Run 0 Options --------- Layout 1 ASCII 0 Keyboard 0 Movement Arrows Keybinds 0 Fullscreen 1 Font 24/Smallcaps Map View 50x35 Zoom Use 0% Tactical HUD 1 Map Filters NONE Filters NONE Steam X RUN: 5b47217c-5d84-4834-80f4-ff2efbf0107f